 Dungeon Crawl Stone Soup version 0.27-a0-1513-g2aaa0cc67b (webtiles) character file.

Game seed: 15685765676710392127

1363 spiderkeys the Skirmisher (level 8, -3/51 (56) HPs)
             Began as an Octopode Abyssal Knight on July 10, 2021.
             Was an Elder of Lugonu.
             Slain by a wight (13 damage)
             ... on level 6 of the Dungeon.
             The game lasted 00:09:19 (7799 turns).

spiderkeys the Skirmisher (Octopode Abyssal Knight) Turns: 7799, Time: 00:09:20

HP:   -3/51 (56)    AC:  1    Str: 13    XL:     8   Next: 64%
MP:   12/12         EV: 14    Int: 14    God:    Lugonu [****..]
Gold: 355           SH:  0    Dex: 12    Spells: 7/7 levels left

rFire    + . .     SeeInvis .   a - +1 spear
rCold    . . .     Faith    .   (no shield)
rNeg     . . .     Spirit   .   (helmet restricted)
rPois    .         Reflect  .   (no amulet)
rElec    .         Harm     .   F - ring of protection from fire
rCorr    .         Rampage  .   (no ring)
Will     .....                  (no ring)
Stlth    ++++......             (no ring)
HPRegen  0.17/turn              (no ring)
MPRegen  0.13/turn              (no ring)
                                (no ring)
                                (no ring)

@: drained
A: almost no armour, amphibious, 8 rings, camouflage 1, gelatinous body 1,
(nimble swimmer 1), tentacles
a: Renounce Religion, Depart the Abyss, Bend Space, Banish, Corrupt


You were on level 6 of the Dungeon.
You worshipped Lugonu.
Lugonu was greatly pleased with you.
You visited 1 branch of the dungeon, and saw 7 of its levels.
You visited the Abyss 1 time.

You collected 355 gold pieces.


Innate Abilities, Weirdness & Mutations

You cannot wear most types of armour.
You are amphibious.
You can wear up to eight rings at the same time.
Your skin changes colour to match your surroundings (Stealth+).
Your rubbery body absorbs attacks. (AC +1, EV +1)
((You are camouflaged near water. (Stealth+)))
You have tentacles for arms and can constrict up to eight enemies at once.


   Skills:
 + Level 5.6 Fighting
 + Level 5.1 Polearms
 + Level 5.3 Dodging
 - Level 5.0 Stealth
 + Level 5.5 Invocations


You had 7 spell levels left.
You didn't know any spells.
Your spell library contained the following spells:

 Spells                   Type           Power      Damage    Failure   Level
 Beastly Appendage        Tmut           0%         N/A       28%         1
 Corona                   Hex            0%         N/A       28%         1
 Ensorcelled Hibernation  Hex/Ice        0%         N/A       41%         2
 Wereblood                Tmut           0%         N/A       41%         2
 Call Canine Familiar     Summ           0%         N/A       65%         3
 Portal Projectile        Hex/Tloc       0%         N/A       65%         3
 Spider Form              Tmut/Pois      0%         N/A       65%         3
 Tukima's Dance           Hex            0%         N/A       65%         3
 Hailstorm                Conj/Ice       0%         3d3       96%         4
 Ice Form                 Ice/Tmut       0%         N/A       96%         4
 Leda's Liquefaction      Hex/Erth       0%         N/A       96%         4
 Shadow Creatures         Summ           N/A        N/A       100%        6
 Simulacrum               Ice/Necr       0%         N/A       100%        6

Inventory:

Hand Weapons
 a - a +1 spear (weapon)
Missiles
 b - 7 javelins
 j - 174 stones
 k - 5 bolts
 o - 7 boomerangs
 p - 8 poisoned darts
 q - 29 arrows
 w - 4 boomerangs of dispersal {=f!f}
 y - a throwing net {=f!f}
Magical Staves
 f - a staff of fire {!a}
   (You found it on level 2 of the Abyss)
Jewellery
 F - a ring of protection from fire (left tentacle)
   (You found it on level 2 of the Dungeon)
Wands
 d - a wand of paralysis (4)
   (You found it on level 2 of the Abyss)
 t - a wand of polymorph (9)
   (You took it off Edmund on level 4 of the Dungeon)
 x - a wand of iceblast (7)
   (You found it on level 5 of the Dungeon)
Scrolls
 h - a scroll of summoning
 l - 2 scrolls of fear
 m - 2 scrolls of teleportation {@r4}
 n - a scroll of enchant weapon
 r - a scroll of amnesia
 u - a scroll of enchant armour
 v - a scroll of vulnerability {!r!r}
Potions
 c - a potion of invisibility {unknown}
 g - 4 potions of curing {@q1}
 i - a potion of brilliance {unknown}
 s - a potion of degeneration {unknown}
 B - a potion of haste {unknown}
Miscellaneous
 e - a lightning rod (3/4)
   (You found it on level 2 of the Abyss)

Dungeon Overview and Level Annotations

Branches:
Dungeon (7/15)             Temple (0/1) D:5

Altars:
Nemelex Xobeh

Annotations:
D:4 1 runed translucent door, Crazy Yiuf

##.#...... #.........
#......... #.........
##########.........
##.....#............
##...................
#................###.
#....@รท..........#
#....z...........$.
#................###
#...............##
#.........>.....#
##.............##
##...........##
######.....##


You could see a wight.


Message History

A wight is wielding a +2 great sword of freezing.
You hit the centaur skeleton. The centaur skeleton barely misses you.
The centaur skeleton kicks you but does no damage.
You hit the centaur skeleton. The centaur skeleton hits you.
The centaur skeleton kicks you. ๐Ÿ˜• HP[-5]
You take 5 damage, and now have 51/56 hp.
You puncture the centaur skeleton!
The centaur skeleton closely misses you.
The centaur skeleton kicks you. The centaur skeleton hits you.
The centaur skeleton misses you. ๐Ÿ˜• HP[-3]
You take 3 damage, and now have 48/56 hp.
You hit the centaur skeleton.
The centaur skeleton closely misses you. x2
You hit the centaur skeleton but do no damage.
The centaur skeleton hits you.
The centaur skeleton closely misses you. ๐Ÿ˜• HP[-4]
You take 4 damage, and now have 44/56 hp.
You hit the centaur skeleton. You squeeze the centaur skeleton!
You destroy the centaur skeleton!
Lugonu accepts your kill.
You can now corrupt the fabric of space. ๐Ÿ˜• HP[+1] 2 wights come into view. ๐Ÿ˜• HP[+1]
Aiming: Iceblast
Press: ? - help, Shift-Dir - straight line, f - wight
Aim: a wight, wielding a +3 scimitar and wearing a +0 robe
Okay, then.
You see here an iguana corpse.
There is a stone staircase leading up here. ๐Ÿ˜• HP[+1]
The wight misses you. x2
You climb upwards.
There is a stone staircase leading down here. ๐Ÿ˜• HP[+1]
You hit the wight. Your grab misses the wight.
The wight hits you with a +3 scimitar!!
* * * LOW HITPOINT WARNING * * *
You feel drained.
The wight closely misses you. ๐Ÿ˜ฎ HP[-21]
You now have 53 max hp (-3).
You take 21 damage, and now have 27/53 hp.
MASSIVE DAMAGE!! (PAUSE) Space bends around you!
You blink. ๐Ÿ˜จ HP[-2] MP[-1]
You take 2 damage, and now have 25/53 hp.
You lost 1 mp, and now have 11/12 mp. ๐Ÿ˜จ HP[+1] ๐Ÿ˜จ MP[+1]
Your mp is fully restored (12).
There is a stone staircase leading up, spattered with blood here.
You climb upwards.
Level annotation: 1 runed translucent door, Crazy Yiuf
There is a stone staircase leading down here. ๐Ÿ˜ฎ HP[+1]
You start resting. ๐Ÿ˜Ž HP[+26]
Your hp is fully restored (53).
You climb downwards.
The wight closely misses you. x2
The wight hits you with a +2 flail! The wight barely misses you.
There is a stone staircase leading up, spattered with blood here. ๐Ÿ˜ฎ HP[-14]
You take 14 damage, and now have 39/53 hp.
MASSIVE DAMAGE!! (PAUSE)
The wight closely misses you. ๐Ÿ˜• HP[+1] Space bends around you!
You blink. ๐Ÿ˜ฎ HP[-2] MP[-1]
You take 2 damage, and now have 38/53 hp.
You lost 1 mp, and now have 11/12 mp. ๐Ÿ˜ฎ HP[+1] ๐Ÿ˜ฎ MP[+1]
Your mp is fully restored (12). ๐Ÿ˜• HP[+1]
There is a stone staircase leading down, spattered with blood here.
The wight hits you with a +3 scimitar!
You climb downwards.
There is a stone staircase leading up here. ๐Ÿ˜ฎ HP[-7]
You take 7 damage, and now have 33/53 hp.
You closely miss the wight. You grab the wight.
You squeeze the wight, but do no damage.
You constrict the wight. The wight hits you with a +3 scimitar!
* * * LOW HITPOINT WARNING * * *
You feel drained.
* * * LOW HITPOINT WARNING * * *
๐Ÿ˜ฑ HP[-24]
You now have 51 max hp (-2).
You take 24 damage, and now have 9/51 hp.
MASSIVE DAMAGE!! (PAUSE)
You barely miss the wight.
You constrict the wight, but do no damage.
The wight hits you with a +3 scimitar!
You die...

Skill      XL: |  1  2  3  4  5  6  7  8 |
---------------+-------------------------+-----
Dodging        | 3 4 5 |  5.3
Invocations    | 3 4 5 |  5.5
Polearms       | 3 4 5 |  5.1
Stealth        | 1 3 4 5 |  5.0
Fighting       | 4 5 |  5.6

Action                   |  1- 3 |  4- 6 |  7- 9 || total
-------------------------+-------+-------+-------++-------
Melee: Spear             |     1 |   187 |   250 ||   438
       Constrict         |       |    31 |    46 ||    77
       Tentacles         |       |    21 |    46 ||    67
Invok: Bend Space        |       |       |     2 ||     2
Evoke: Lightning rod     |       |     4 |       ||     4
       Wand              |       |       |     5 ||     5
  Use: Scroll            |     1 |     8 |     3 ||    12
       Potion            |       |     2 |     4 ||     6
 Stab: Sleeping          |       |    18 |     6 ||    24
       Paralysed         |       |       |    12 ||    12
       Distracted        |       |       |     1 ||     1
Armor: Skin              |       |     9 |    10 ||    19
Dodge: Dodged            |       |    75 |   152 ||   227

Levels and vault maps discovered:
D:1:      sevenhm_arrival_forest_fort_small_6, layout_basic
D:2:      layout_loops_ring, ebering_ecumenical_altar_box
D:3:      layout_loops_ring, roderic_serpentine_path, minmay_misc_feat_square,
          kennysheep_flooded_box, minmay_misc_feat_iff
D:4:      layout_basic, uniq_edmund, uniq_crazy_yiuf_cottage, uniq_duvessa
D:5:      layout_cave_pools, mainiacjoe_overflow_boulevard, temple_fountains,
          mrwooster_statue_mirror
D:6:      layout_rooms, cheibriados_altar_1, corexii_shack,
          kennysheep_cross_room, uniq_grinder
D:7:      hangedman_cross_stitches, layout_basic, nicolae_wu_jian_wuxing_cycle,
          hex_large

Notes
Turn   | Place    | Note
-------+----------+-------------------------------------------
     0 | Abyss:1  | spiderkeys the Octopode Abyssal Knight began the quest for
                  | the Orb.
     0 | Abyss:1  | Reached XP level 1. HP: 16/16 MP: 2/2
     0 | Abyss:1  | magus.rc [v1.9.10]
    23 | Abyss:1  | Noticed a small abomination
    90 | Abyss:2  | Found a corrupted altar of Lugonu.
   104 | Abyss:2  | Noticed an efreet
   169 | Abyss:2  | Noticed a wraith
   173 | Abyss:2  | HP: 3/16 [wraith (13)]
   175 | Abyss:2  | Killed a wraith
   176 | Abyss:2  | Reached skill level 3 in Dodging
   176 | Abyss:2  | Reached XP level 2. HP: 4/21 MP: 4/4
   176 | Abyss:2  | Reached XP level 3. HP: 6/26 MP: 5/5
   176 | Abyss:2  | Reached XP level 4. HP: 7/32 MP: 6/6
   260 | D:1      | You pass through the gate.
   260 | D:1      | Escaped the Abyss
   494 | D:1      | Reached skill level 3 in Invocations
  1017 | D:1      | Reached XP level 5. HP: 28/37 MP: 7/7
  1372 | D:2      | Reached skill level 3 in Polearms
  1415 | D:2      | Reached ** piety under Lugonu
  1480 | D:2      | Reached skill level 1 in Stealth
  1691 | D:2      | You fall into a shaft and drop 1 floor!
  1847 | D:2      | Found a faded altar of an unknown god.
  2447 | D:3      | You pick up a book of Changes and begin reading...
  2447 | D:3      | You add the spells Beastly Appendage, Wereblood and Spider
                  | Form to your library.
  2495 | D:3      | Reached skill level 4 in Fighting
  2829 | D:3      | Reached XP level 6. HP: 43/43 MP: 8/8
  2836 | D:3      | Reached skill level 2 in Stealth
  2861 | D:3      | HP: 6/43 [orc wizard (5)]
  3674 | D:4      | Noticed Dowan
  3742 | D:4      | Noticed Duvessa
  3743 | D:4      | Killed Dowan
  3745 | D:4      | Killed Duvessa
  3746 | D:4      | Reached skill level 4 in Dodging
  3746 | D:4      | Reached skill level 3 in Stealth
  3746 | D:4      | Reached skill level 4 in Invocations
  3746 | D:4      | Reached XP level 7. HP: 38/49 MP: 8/10
  3966 | D:4      | Reached *** piety under Lugonu
  4178 | D:4      | Identified the +2 robe of Happiness {rF+}
  4377 | D:4      | Reached skill level 4 in Polearms
  4579 | D:4      | You fall into a shaft and drop 3 floors!
  4583 | D:6      | Noticed a steam dragon
  4678 | D:5      | Entered Level 5 of the Dungeon
  4802 | D:4      | Reached skill level 4 in Stealth
  4922 | D:4      | Found a runed translucent door.
  4923 | D:4      | Noticed Crazy Yiuf
  4960 | D:4      | Noticed Edmund
  4981 | D:4      | Killed Edmund
  5267 | D:4      | Reached XP level 8. HP: 51/54 MP: 11/11
  5319 | D:4      | You pick up a book of the Tundra and begin reading...
  5319 | D:4      | You add the spells Hailstorm, Ice Form and Simulacrum to
                  | your library.
  5331 | D:4      | You pick up a book of Dreams and begin reading...
  5331 | D:4      | You add the spells Ensorcelled Hibernation and Shadow
                  | Creatures to your library.
  5349 | D:4      | Reached skill level 5 in Fighting
  5757 | D:4      | HP: 13/55 [something (2)]
  5759 | D:4      | HP: 5/55 [something (4)]
  5764 | D:4      | HP: 7/55 [something/magic dart (9)]
  6267 | D:5      | Found a staircase to the Ecumenical Temple.
  6292 | D:5      | Reached skill level 5 in Invocations
  6464 | D:5      | Reached skill level 5 in Stealth
  6467 | D:5      | Reached skill level 5 in Dodging
  6994 | D:5      | You pick up a book of the Hunter and begin reading...
  6994 | D:5      | You add the spells Call Canine Familiar, Portal Projectile
                  | and Leda's Liquefaction to your library.
  7047 | D:5      | Found a sparkling altar of Nemelex Xobeh.
  7049 | D:5      | Reached skill level 5 in Polearms
  7339 | D:5      | You pick up a book of Maledictions and begin reading...
  7339 | D:5      | You add the spells Corona and Tukima's Dance to your
                  | library.
  7596 | D:6      | Reached **** piety under Lugonu
  7798 | D:6      | HP: 9/51 [wight (7)]
  7799 | D:6      | Slain by a wight

Vanquished Creatures
  Edmund (D:4)
  Duvessa (D:4)
  A bullfrog (D:4)
  2 scorpions
  2 water moccasin skeletons (D:5)
  Dowan (D:4)
  2 hounds
  A jelly (D:4)
  3 orc priests (D:4)
  A centaur skeleton (D:6)
  3 iguanas
  4 orc wizards
  A hound skeleton (D:4)
  10 adders
  11 gnolls
  2 adder skeletons (D:4)
  A worm (D:4)
  A dart slug (D:2)
  20 orcs
  6 ball pythons
  5 bats
  7 endoplasms
  2 giant cockroaches (D:1)
  10 goblins
  6 hobgoblins
  10 jackals
  7 quokkas
  2 frilled lizards
  5 kobolds
  A quokka skeleton (D:4)
  6 rats
135 creatures vanquished.

Vanquished Creatures (collateral kills)
  A wraith (Abyss:2)
1 creature vanquished.

Grand Total: 136 creatures vanquished

Table legend:
 A = Non-vault XP
 B = Vault XP
 C = Vault XP percentage of total XP
 D = Non-vault monster count
 E = Vault monster count
 F = Vault count percentage of total count
                 A         B        C        D         E       F
            +---------+---------+-------+---------+---------+-------
      Total |    1564 |     384 |  19.7 |     133 |       3 |   2.2
            +---------+---------+-------+---------+---------+-------
        D:1 |      62 |       0 |   0.0 |      27 |       0 |   0.0
        D:2 |      93 |       0 |   0.0 |      22 |       0 |   0.0
        D:3 |     151 |       0 |   0.0 |      20 |       0 |   0.0
        D:4 |     585 |     384 |  39.6 |      38 |       3 |   7.3
        D:5 |     488 |       0 |   0.0 |      23 |       0 |   0.0
        D:6 |      76 |       0 |   0.0 |       2 |       0 |   0.0
    Abyss:2 |     109 |       0 |   0.0 |       1 |       0 |   0.0
            +---------+---------+-------+---------+---------+-------

Illustrated notes

Table legend:
 A = Kills in this place as a percentage of kills in entire the game.
 B = Kills by you in this place as a percentage of kills by you in the entire game.
 C = Kills by friends in this place as a percentage of kills by friends in the entire game.
 D = Other kills in this place as a percentage of other kills in the entire game.
 E = Experience gained in this place as a percentage of experience gained in the entire game.
 F = Experience gained in this place divided by the number of levels of this place that you have seen.
                   A       B       C       D       E      F
               +-------+-------+-------+-------+-------+----------------------
         Total | 100.0 | 100.0 | 100.0 |   N/A | 100.0 | 216.4
       Dungeon |  99.3 | 100.0 |   0.0 |   N/A |  94.4 | 262.7
         Abyss |   0.7 |   0.0 | 100.0 |   N/A |   5.6 |  54.5
               +-------+-------+-------+-------+-------+----------------------

Table legend: (Time is in decaauts)
 A = Elapsed time spent in this place.
 B = Non-inter-level travel time spent in this place.
 C = Inter-level travel time spent in this place.
 D = Time resting spent in this place.
 E = Time spent auto-exploring this place.
 F = Levels seen in this place.
 G = Mean time per level.
                   A        B        C        D        E       F      G
               +--------+--------+--------+--------+--------+-----+--------+
         Total |   7769 |   7534 |    235 |   1536 |   4848 |   9 |  863.2 |
       Dungeon |   7509 |   7274 |    235 |   1454 |   4826 |   7 | 1072.7 |
         Abyss |    259 |    259 |      0 |     82 |     22 |   2 |  129.5 |
               +--------+--------+--------+--------+--------+-----+--------+

Top non-repeatable levels by time:
     D:4: 2481 daAuts
     D:3: 1567 daAuts
     D:5: 1178 daAuts
     D:1: 1106 daAuts
     D:2: 1017 daAuts
 Abyss:2: 169 daAuts
     D:7: 93 daAuts
 Abyss:1: 90 daAuts
     D:6: 64 daAuts
